 Dungeon Crawl Stone Soup version 0.18-a0-888-gdb73dea (webtiles) character file.

298 filipzpl the Shield-Bearer (level 6, 0/38 HPs)
             Began as a Gargoyle Fighter on Dec 23, 2015.
             Slain by a river rat (4 damage)
             ... summoned by Eustachio
             ... on level 4 of the Dungeon.
             The game lasted 00:06:05 (2749 turns).

filipzpl the Shield-Bearer (Gargoyle Fighter)       Turns: 2749, Time: 00:06:05

Health: 0/38       AC: 11    Str: 22    XL:     6   Next: 36%
Magic:  6/6        EV:  8    Int:  8    God:
Gold:   132        SH: 10    Dex:  9    Spells: 0 memorised, 5 levels left

rFire  + . .     SeeInvis .     a - +0 flail
rCold  + . .     Gourm    .     b - +0 scale mail
rNeg   + . .     Faith    .     c - +0 shield
rPois  ∞         Spirit   .     (no helmet)
rElec  +         Dismiss  .     (no cloak)
rCorr  +         Reflect  .     (no gloves)
SustAt .         Harm     .     (no boots)
MR     .....                    (no amulet)
Stlth  ..........               (no ring)
                                j - ring of flight

@: resistant, starving, not resistant to hostile enchantments, extremely
unstealthy
A: negative energy resistance 1, electricity resistance, unbreathing,
petrification resistance, rot immunity, AC +4
a: Evoke Flight


You were on level 4 of the Dungeon.
You were starving.

You visited 1 branch of the dungeon, and saw 4 of its levels.

You collected 132 gold pieces.

Inventory:

Hand Weapons
 a - a +0 flail (weapon)
Armour
 b - a +0 scale mail (worn)
 c - a +0 shield (worn)
Jewellery
 j - a ring of flight (left hand)
Scrolls
 f - a scroll of amnesia
 k - a scroll of fog {unknown}
 l - a scroll of blinking {unknown}
 n - a scroll of fear {unknown}
Potions
 d - 2 potions of might
 e - a potion of resistance
 g - 2 potions of cancellation {unknown}
 h - 2 potions of flight
 i - a potion of magic
 m - 2 potions of curing {unknown}
 o - a potion of brilliance {unknown}


   Skills:
 + Level 4.0 Fighting
 + Level 2.6 Maces & Flails
 + Level 4.3 Armour
 + Level 2.5 Dodging
 + Level 0.2 Stealth
 + Level 5.0 Shields


You had 5 spell levels left.
You didn't know any spells.

Dungeon Overview and Level Annotations

Branches:
Dungeon (4/15)
 Temple: D:4-7

Altars:
Kikubaaqudgha
Vehumet

Shops:
D:4 [

Annotations:
D:4 Eustachio


Innate Abilities, Weirdness & Mutations

You are resistant to torment.
Your stone body is resilient (AC +4).
You are immune to poison.
You resist negative energy.
You are resistant to electric shocks.
You can survive without breathing.
You are immune to petrification.
You are immune to rotting.


Message History

The ufetubus disappears in a puff of smoke!
The river rat bites you.
* * * LOW HITPOINT WARNING * * *
You block the river rat's attack. The white imp barely misses you.
You closely miss the river rat. The river rat barely misses you.
The white imp barely misses you.
Your shield and scale mail prevent you from hitting the white imp.
The river rat bites you but does no damage.
You block the white imp's attack.
You closely miss the white imp. You block the river rat's attack.
The white imp hits you but does no damage. x2
You block the river rat's attack.
You closely miss the white imp. You block the river rat's attack.
The white imp gestures at you. The puff of frost hits you! You resist.
* * * LOW HITPOINT WARNING * * *
You hit the white imp but do no damage.
The white imp hits you but does no damage.
The river rat bites you.
You die...

##.####.......##........#####.###
.................................
###.###.......@.....#############
#.# #..........#...# #.#
#####.####...#...#
#.###.......###...##...
#..##.......##..#..####
##.##.....b.##.###.#
####.##.......##@# .#
.....####..####r5##...
..........r5....@...# #
....##....########### #########.#
#..# #.## #. #.


You could see Eustachio, a river rat and a white imp.

Vanquished Creatures
  A hippogriff (D:4)
  A hound (D:4)
  Robin (D:3)
  A gnoll (D:1)
  4 adders (D:2)
  3 worms
  2 giant geckos
  A ball python (D:2)
  2 giant cockroaches
  13 goblins
  2 hobgoblins
  4 jackals (D:2)
  A quokka (D:3)
  7 bats
  3 giant newts
  6 kobolds
  5 rats
57 creatures vanquished.

Notes
Turn   | Place    | Note
--------------------------------------------------------------
     0 | D:1      | filipzpl the Gargoyle Fighter began the quest for the Orb.
     0 | D:1      | Reached XP level 1. HP: 14/14 MP: 1/1
   349 | D:1      | Reached XP level 2. HP: 10/19 MP: 2/2
   572 | D:2      | Reached XP level 3. HP: 7/23 MP: 3/3
   840 | D:2      | Reached skill level 4 in Shields
   853 | D:2      | Reached skill level 1 in Dodging
  1062 | D:2      | Reached XP level 4. HP: 14/29 MP: 4/4
  1277 | D:2      | Found a radiant altar of Vehumet.
  1277 | D:2      | Found an ancient bone altar of Kikubaaqudgha.
  2253 | D:3      | Noticed Robin
  2256 | D:3      | Killed Robin
  2256 | D:3      | Reached XP level 5. HP: 33/33 MP: 5/5
  2386 | D:4      | Noticed a hippogriff
  2419 | D:4      | Killed a hippogriff
  2419 | D:4      | Reached skill level 5 in Shields
  2419 | D:4      | Reached XP level 6. HP: 23/38 MP: 6/6
  2625 | D:4      | Found Perelyu's Armour Emporium.
  2627 | D:4      | Noticed Eustachio
  2749 | D:4      | Slain by a river rat

Vault maps used:
D:1:      dpeg_arrival_central
D:2:      gammafunk_temple_overflow_statue
D:3:      uniq_robin
D:4:      old_standard_altar, serial_shops, shop, led_sif_pool, uniq_eustachio

Action                   |  1- 3 |  4- 6 || total
-------------------------+-------+-------++-------
Melee: Flail             |   128 |   216 ||   344
  Use: Scroll            |     3 |     4 ||     7
       Potion            |       |     1 ||     1
  Eat: Bread ration      |     1 |       ||     1
